 Dungeon Crawl Stone Soup version 0.27-a0-1177-g245c70e1c0 (webtiles) character file.

Game seed: 7492275366574985105

81 MikuNakano the Poker (level 4, 0/37 HPs)
             Began as a Vine Stalker Berserker on May 16, 2021.
             Was a Believer of Trog.
             Slain by an orc wizard
             ... wielding a +0 dagger
              (2 damage)
             ... on level 3 of the Dungeon.
             The game lasted 00:01:36 (2305 turns).

MikuNakano the Poker (Vine Stalker Berserker)       Turns: 2305, Time: 00:01:36

Health: 0/37       AC:  2    Str: 20    XL:     4   Next: 40%
Magic:  0/5        EV: 12    Int:  7    God:    Trog [**....]
Gold:   91         SH:  0    Dex: 14    Spells: 3/3 levels left

rFire    . . .     SeeInvis .   a - +0 spear
rCold    . . .     Faith    .   (no shield)
rNeg     . . .     Spirit   +   b - +0 animal skin
rPois    .         Reflect  .   (no helmet)
rElec    .         Harm     .   (no cloak)
rCorr    .         Rampage  .   (no gloves)
Will     .....                  (no boots)
Stlth    ..........             (no amulet)
HPRegen  1.12/turn              (no ring)
MPRegen  0.09/turn              (no ring)

@: berserking, very quick
A: fangs 2, regeneration 1, magic shield, antimagic bite, no potion heal 2
a: Renounce Religion, Berserk, Trog's Hand


You were on level 3 of the Dungeon.
You worshipped Trog.
Trog was pleased with you.
You visited 1 branch of the dungeon, and saw 3 of its levels.

You collected 91 gold pieces.

Inventory:

Hand Weapons
 a - a +0 spear (weapon)
Armour
 b - a +0 animal skin (worn)
Potions
 c - 2 potions of lignification {unknown}
 d - a potion of might {unknown}
 e - a potion of attraction {unknown}


   Skills:
 + Level 3.6 Fighting
 + Level 3.7 Polearms
 + Level 1.7 Armour
 - Level 1.5 Dodging


You had 3 spell levels left.
You didn't know any spells.
Your spell library was empty.

Dungeon Overview and Level Annotations

Branches:
Dungeon (3/15)

Altars:


Innate Abilities, Weirdness & Mutations

You have extremely sharp teeth.
Your natural rate of healing is unusually fast.
When hurt, damage is shared between your health and your magic reserves.
Your bite disrupts and absorbs the magic of your enemies.
Potions cannot restore your health.


Message History

No target in view!
You hit something. You bite something. You drain its magic.
You feel invigorated.
You closely miss something. Something hits you. x2
You barely miss something. Something hits you. x2
You hit something. Your bite misses something. Something hits you. x2
You closely miss something. You bite something. Something hits you.
You hear some strange, mumbled words.
You are confused.
You closely miss something. Your bite misses something.
You bump into the rock wall.
Something barely misses you.
You bump into the rock wall.
Something hits you. x2
You bump into the rock wall.
Something hits you but does no damage.
You hear some strange, mumbled words.
Something tries to affect you, but you resist.
You bump into the rock wall.
Something hits you.
You hear some strange, mumbled words.
Something tries to affect you, but you resist.
You closely miss something. Something hits you but does no damage.
Something hits you.
You bump into the rock wall.
You feel less confused. Something hits you.
You hear some strange, mumbled words.
A magic dart appears from out of thin air!
The magic dart hits you!
* * * LOW HITPOINT WARNING * * *
A red film seems to cover your vision as you go berserk!
You feel yourself moving faster!
You feel mighty! Something hits you.
* * * LOW HITPOINT WARNING * * *
Something hits you.
* * * LOW HITPOINT WARNING * * *
You hit something. You bite something! You drain its magic.
You feel invigorated. Something hits you. x2
* * * LOW HITPOINT WARNING * * *
You miss something. You barely miss something. Your bite misses something.
Something hits you.
* * * LOW HITPOINT WARNING * * *
Something hits you.
You die...

#.........)....#.
#................
##.#..##<..†.....
##.#./##.#######.
#.....##.#
##.#.....#
#.#..#..#
#.#...#{###
.....#.#@{†#
....##.###).....#
...#. ..# .......
##### ..# ....)..
##. ...>... ..
......# .......
.......


There were no monsters in sight!

Vanquished Creatures
  3 adders (D:2)
  A worm (D:2)
  A dart slug (D:3)
  2 orcs (D:3)
  4 ball pythons (D:1)
  3 endoplasms
  A giant cockroach (D:2)
  6 goblins
  2 hobgoblins (D:1)
  6 jackals (D:1)
  5 kobolds
  3 quokkas
  3 bats (D:1)
  A frilled lizard (D:1)
  A rat (D:1)
42 creatures vanquished.

Notes
Turn   | Place    | Note
-------+----------+-------------------------------------------
     0 | D:1      | MikuNakano the Vine Stalker Berserker began the quest for
                  | the Orb.
     0 | D:1      | Reached XP level 1. HP: 11/11 MP: 2/2
   250 | D:1      | Reached XP level 2. HP: 8/14 MP: 3/3
   883 | D:1      | Reached XP level 3. HP: 20/20 MP: 4/4
   984 | D:1      | Found a faded altar of an unknown god.
  1306 | D:2      | Reached ** piety under Trog
  1947 | D:2      | Gained mutation: Your natural rate of healing is unusually
                  | fast. [Vine Stalker growth]
  1947 | D:2      | Reached XP level 4. HP: 19/25 MP: 3/5
  2305 | D:3      | Slain by an orc wizard

Illustrated notes

Levels and vault maps discovered:
D:1:      nicolae_arrival_washed_ashore, layout_loops_ring,
          chequers_ecumenical_altar_twisty
D:2:      layout_basic
D:3:      minmay_bubble_buster, layout_rooms, zin_scriptorium,
          cheibrodos_gnoll_hut, uniq_jessica, uniq_sigmund

Skill      XL: |  1  2 |
---------------+-------+-----
Fighting       | 3 |  3.6
Polearms       | 3 |  3.7
Armour         | |  1.7
Dodging        | |  1.5

Action                   |  1- 3 |  4- 6 || total
-------------------------+-------+-------++-------
Melee: Spear             |   114 |    28 ||   142
       Bite              |    22 |     6 ||    28
Invok: Berserk           |       |     1 ||     1
  Use: Scroll            |     1 |     2 ||     3
 Stab: Sleeping          |     3 |     2 ||     5
Armor: Animal skin       |     9 |     4 ||    13
Dodge: Dodged            |    40 |    13 ||    53

Table legend: (Time is in decaauts)
 A = Elapsed time spent in this place.
 B = Non-inter-level travel time spent in this place.
 C = Inter-level travel time spent in this place.
 D = Time resting spent in this place.
 E = Time spent auto-exploring this place.
 F = Levels seen in this place.
 G = Mean time per level.
                   A        B        C        D        E       F      G
               +--------+--------+--------+--------+--------+-----+--------+
         Total |   2295 |   2262 |     33 |      0 |   1996 |   3 |  765.0 |
       Dungeon |   2295 |   2262 |     33 |      0 |   1996 |   3 |  765.0 |
               +--------+--------+--------+--------+--------+-----+--------+

Top non-repeatable levels by time:
     D:1: 1291 daAuts
     D:2: 961 daAuts
     D:3: 42 daAuts
